Unix NetHack Version 5.0.0-0 post-release - last build Jun 10 2026 00:39:30 (3ee93aec679c4c4259841fe613dc97188e26a321,branch:main).

Game began 2026-06-29 17:31:53, ended 2026-06-29 17:48:46.

Ch3Begorrah, chaotic male human Rogue

                                            ...
                                            -<..
                                            --.....
                                             |.....
                                              -....
                                               ....-
                                               --%....
                                .               --....-
                                -..         -    |.....
                                 .... -    -.|. --....--
                                   ..G.- --..............
                                    -....|.G)....).).....
                                    |.G......)...........
                                     -....%.h...........
                                        .....@.........
                                           ....f.
                                            .---

Ch3Begorrah the Cutpurse  St:13 Dx:18 Co:12 In:13 Wi:7 Ch:11  Chaotic
Dlvl:3  $:26 HP:0(25) Pw:9(9) AC:7  Xp:3 T:701 

Latest messages:
 Welcome to experience level 3.
 The gnome hits!
 g - 3 +0 daggers (at the ready) (8 in total).
 D - a partly used candle (lit).
 You hear some noises.
 You hear some noises in the distance.
 g - a +0 dagger (at the ready) (9 in total).
 The dwarf wields 2 daggers!
 You are hit by a dagger.
 You are hit by a dart.
 The dwarf picks up a dagger.
 In what direction? h
 You throw 2 daggers.
 The 1st dagger hits the gnome.
 The 2nd dagger hits the gnome.
 In what direction? <esc>
 What do you want to drink? [dkqtwA or ?*] ?
 You feel better.
 The dwarf thrusts one of her daggers.
 The dwarf hits!
 You hit the gnome.
 The gnome wields a crossbow!
 The crossbow welds itself to the gnome's hand!
 The gnome hits!
 The gnome shoots 2 crossbow bolts!
 You are hit by the 1st crossbow bolt.
 You are hit by the 2nd crossbow bolt.
 In what direction? h
 You throw 2 daggers.
 The 1st dagger hits the gnome.
 The 2nd dagger hits the gnome.
 The gnome hits!
 What do you want to drink? [dkqtwA or ?*] ?
 You feel better.
 The gnome shoots 2 crossbow bolts!
 You are hit by the 1st crossbow bolt.
 You are hit by the 2nd crossbow bolt!
 The gnome hits!
 It bites the gnome.
 The gnome misses it.
 You hear some noises in the distance.
 A cloud of gas puts you to sleep!
 You are hit by a dagger.
 You are hit by a dagger.
 The dwarf throws a dagger!
 The dagger slips as the dwarf throws it!
 You are hit by a dagger.
 The dwarf hits!
 You die...
 Do you want your possessions identified? [ynq] (y) q

Inventory:
 Coins    ('$')
  $ - 26 gold pieces
 Weapons  (')')
  n - 10 +0 arrows
  o - a rusty +0 arrow
  r - 11 +0 darts
  b - a +0 dagger (weapon in right hand)
  g - 5 +0 daggers (at the ready)
  p - a cursed +0 club
  a - a +0 short sword (alternate weapon; not wielded)
 Armor    ('[')
  c - an uncursed +1 leather armor (being worn)
 Comestibles  ('%')
  x - an uncursed lembas wafer
  y - an uncursed tripe ration
 Scrolls  ('?')
  i - an uncursed scroll of destroy armor
  j - an uncursed scroll of identify
  h - an uncursed scroll of remove curse
 Spellbooks  ('+')
  v - a cursed spellbook of create monster
  z - an uncursed spellbook of cure blindness
 Potions  ('!')
  A - an uncursed potion of monster detection
  t - an uncursed potion of see invisible
  d - 2 uncursed potions of sickness
  q - a blessed potion of speed
  k - an uncursed potion of speed
 Rings    ('=')
  u - a cursed -1 ring of gain strength
  s - a cursed ring of regeneration
 Tools    ('(')
  f - an empty uncursed sack
  e - an uncursed lock pick
  D - an uncursed partly used wax candle (lit)
 Gems/Stones  ('*')
  C - an uncursed worthless piece of black glass
  B - an uncursed worthless piece of white glass
  m - an uncursed luckstone

Ch3Begorrah the Rogue's attributes:

Background:
 You were a Cutpurse, a level 3 male human Rogue.
 You were chaotic, on a mission for Kos
 who was opposed by Issek (lawful) and Mog (neutral).
 You were right-handed.
 You were in the Gnomish Mines, on level 3.
 You entered the dungeon 701 turns ago.
 There was a full moon in effect when your adventure ended.
 You had 46 experience points, 34 more were needed to attain level 4.

Basics:
 You had 0 out of 25 hit points.
 You had all 9 energy points (spell power).
 Your armor class was 7.
 Your wallet contained 26 zorkmids.
 Autopickup was on for '$!/(' plus thrown, with exceptions.

Final Characteristics:
 Your strength was 13 (limit:18/100).
 Your dexterity was 18 (limit:18).
 Your constitution was 12 (limit:18).
 Your intelligence was 13 (limit:18).
 Your wisdom was 7 (limit:18).
 Your charisma was 11 (limit:18).

Final Status:
 You weren't hungry.
 You were unencumbered.
 You were wielding a dagger.
 You had basic skill with dagger.

Final Attributes:
 You were fervently aligned.
 You were stealthy.
 You were warded.
 You were lucky.
 You had extra luck.
 Bad luck did not time out for you.
 Good luck did not time out for you.
 You are dead.

Miscellaneous:
 You didn't encounter any bones levels.
 Total elapsed playing time was 16 minutes and 52 seconds.

Major events:
 Turn
    1: Ch3Begorrah the chaotic male human Rogue entered the dungeon
  662: entered the Gnomish Mines
  676: attained the rank of Cutpurse (level 3)
  701: killed by a dwarf, while sleeping

You didn't know any spells.

Skills:
 Fighting Skills
   bare handed combat [Unskilled]
   two weapon combat  [Unskilled]
   riding             [Unskilled]
 Weapon Skills
   dagger             [Basic]
   knife              [Unskilled]
   short sword        [Basic]
   broadsword         [Unskilled]
   long sword         [Unskilled]
   two-handed sword   [Unskilled]
   saber              [Unskilled]
   club               [Unskilled]
   mace               [Unskilled]
   morning star       [Unskilled]
   flail              [Unskilled]
   hammer             [Unskilled]
   polearms           [Unskilled]
   spear              [Unskilled]
   crossbow           [Unskilled]
   dart               [Unskilled]
   shuriken           [Unskilled]
 Spellcasting Skills
   divination spells  [Unskilled]
   escape spells      [Unskilled]
   matter spells      [Unskilled]

Voluntary challenges:
 Character rerolling was not enabled.
 You went without food.
 You were an atheist.
 You were illiterate.
 You never genocided any monsters.
 You never polymorphed an object.
 You never changed form.
 You used no wishes.
Achievements:
 You entered the Gnomish Mines.
 You attained the rank of Cutpurse.

 The Dungeons of Doom: levels 1 to 3
    Level 1:
    Level 2:
       Many altars, a fountain.
       Stairs down to The Gnomish Mines.
    Level 3:
 The Gnomish Mines:
    Level 3: <- You were here.
       Final resting place for
          you, killed by a dwarf, while sleeping.


Vanquished creatures:
 an acid blob
  4 gnomes
  a gnome zombie
  a gecko
  5 jackals
  a fox
  2 sewer rats
  3 grid bugs
  a lichen
  a kobold zombie
  6 newts
26 creatures vanquished.

No species were genocided or became extinct.

Game over:
                       ----------
                      /          \
                     /    REST    \
                    /      IN      \
                   /     PEACE      \
                  /                  \
                  |   Ch3Begorrah    |
                  |      26 Au       |
                  |   killed by a    |
                  |      dwarf       |
                  |                  |
                  |                  |
                  |       2026       |
                 *|     *  *  *      | *
        _________)/\\_//(\/(/\)/\//\/|_)_______

Goodbye Ch3Begorrah the Rogue...

You died in The Gnomish Mines on dungeon level 3 with 318 points,
and 26 pieces of gold, after 701 moves.
You were level 3 with a maximum of 25 hit points when you died.

